 Dungeon Crawl Stone Soup version 0.27-a0-679-g77a6b55cf3 (webtiles) character file.

Game seed: 10715781055870941014

5 Lanoc the Sneak (level 1, -2/9 HPs)
             Began as a Vine Stalker Wanderer on Mar 18, 2021.
             Slain by a jackal (3 damage)
             ... on level 2 of the Dungeon.
             The game lasted 00:00:52 (406 turns).

Lanoc the Sneak (Vine Stalker Wanderer)              Turns: 406, Time: 00:00:53

Health: -2/9       AC:  2    Str: 19    XL:     1   Next: 80%
Magic:  0/4        EV: 11    Int: 14    God:
Gold:   0          SH:  0    Dex: 12    Spells: 3/4 levels left

rFire    . . .     SeeInvis .   a - +0 club
rCold    . . .     Faith    .   (no shield)
rNeg     . . .     Spirit   +   d - +0 robe
rPois    .         Reflect  .   (no helmet)
rElec    .         Harm     .   (no cloak)
rCorr    .         Rampage  .   (no gloves)
Will     .....                  (no boots)
Stlth    ++........             (no amulet)
HPRegen  0.03/turn              b - +6 ring of strength
MPRegen  0.09/turn              (no ring)

@: no status effects
A: fangs 2, magic shield, antimagic bite, no potion heal 3
a: no special abilities


You were on level 2 of the Dungeon.
You visited 1 branch of the dungeon, and saw 2 of its levels.

Inventory:

Hand Weapons
 a - a +0 club (weapon)
 f - a +0 dagger
Armour
 d - a +0 robe (worn)
Jewellery
 b - a +6 ring of strength (right hand)
Scrolls
 c - a scroll of teleportation


   Skills:
 + Level 0.3 Fighting
 + Level 0.2 Dodging
 - Level 2.4 Stealth
 - Level 2.1 Spellcasting
 - Level 2.0 Necromancy
 - Level 1.0 Transmutations
 * Level 2.2 Fire Magic
 - Level 1.0 Air Magic


You had 3 spell levels left.
You knew the following spells:

 Your Spells              Type           Power      Damage    Failure   Level
a - Foxfire               Conj/Fire      16%        2x1d4     14%         1

Your spell library contained the following spells:

 Spells                   Type           Power      Damage    Failure   Level
 Pain                     Necr           28%        1d5       11%         1
 Vampiric Draining        Necr           3%         2d6       30%         3
 Conjure Flame            Conj/Fire      4%         6-21      41%         3
 Inner Flame              Hex/Fire       4%         N/A       41%         3
 Sticky Flame             Conj/Fire      4%         2d3       82%         4
 Fireball                 Conj/Fire      2%         3d4       99%         5


Dungeon Overview and Level Annotations

Branches:
Dungeon (2/15)

Altars:


Innate Abilities, Weirdness & Mutations

You have extremely sharp teeth.
When hurt, damage is shared between your health and your magic reserves.
Your bite disrupts and absorbs the magic of your enemies.
Potions cannot restore your health.


Message History

b - a +6 ring of strength You see here 26 sling bullets.
You see here a +0 club.
There is an escape hatch in the floor here.
You slide downwards.
The hatch slams shut behind you. 2 jackals come into view.
The jackal barks!
Found 10 poisoned darts and 10 gold pieces.
You feel stronger.
b - a +6 ring of strength (right hand)
Casting: Foxfire (safe; 16% risk of failure)
Confirm with . or Enter, or press ? or * to list all spells.
You conjure some foxfire!
The jackal barely misses you.
You barely miss the jackal. Your bite misses the jackal.
The foxfire hits the jackal but does no damage.
The foxfire hits the jackal.
The jackal is almost dead.
The jackal bites you. The jackal barely misses you.
A jackal comes into view.
Casting: Foxfire (safe; 16% risk of failure)
Confirm with . or Enter, or press ? or * to list all spells.
You conjure some foxfire!
The jackal closely misses you. The jackal misses you.
The jackal completely misses you. The jackal bites you.
You barely miss the jackal. You bite the jackal.
You kill the jackal!
The foxfire hits the jackal.
The jackal is heavily wounded.
The foxfire hits the jackal.
The jackal is severely wounded.
The jackal closely misses you. The jackal bites you.
You hit the jackal but do no damage. You bite the jackal.
You kill the jackal!
The jackal bites you but does no damage.
The jackal bites you.
* * * LOW HITPOINT WARNING * * *
The jackal bites you.
* * * LOW HITPOINT WARNING * * *
You barely miss the jackal. Your bite misses the jackal.
The jackal closely misses you. The jackal bites you.
You die...

#..... ##.#...#
.......# ...$..
....# #..#
.#####..####.##
........h@....#
#####..####..#
#..# ... .....
# #.#.#.# (....
.# .#.#.# .. .
. .. ## #####


You could see a jackal.

Vanquished Creatures
  A giant cockroach (D:1)
  A hobgoblin (D:1)
  2 jackals (D:2)
4 creatures vanquished.

Vanquished Creatures (others)
  6 foxfires
6 creatures vanquished.

Grand Total: 10 creatures vanquished

Notes
Turn   | Place    | Note
-------+----------+-------------------------------------------
     0 | D:1      | Lanoc the Vine Stalker Wanderer began the quest for the
                  | Orb.
     0 | D:1      | Lanoc set off with the following items: a +0 club, a scroll
                  | of teleportation, a +0 robe, a +0 dagger; and the following
                  | spells available to memorise: Pain, Foxfire, Vampiric
                  | Draining, Conjure Flame, Inner Flame, Sticky Flame,
                  | Fireball
     0 | D:1      | Reached XP level 1. HP: 9/9 MP: 4/4
    73 | D:1      | Learned a level 1 spell: Foxfire
   406 | D:2      | Slain by a jackal

Illustrated notes

Levels and vault maps discovered:
D:1:      dpeg_arrival_tiny_k, layout_loops_ring
D:2:      layout_loops_ring, minmay_misc_feat_pillars, minmay_ruptured

Action                   || total
-------------------------++-------
Melee: Club              ||     7
       Bite              ||     4
 Cast: Foxfire           ||     3
Armor: Robe              ||     1
Dodge: Dodged            ||     8

Table legend: (Time is in decaauts)
 A = Elapsed time spent in this place.
 B = Non-inter-level travel time spent in this place.
 C = Inter-level travel time spent in this place.
 D = Time resting spent in this place.
 E = Time spent auto-exploring this place.
 F = Levels seen in this place.
 G = Mean time per level.
                   A        B        C        D        E       F      G
               +--------+--------+--------+--------+--------+-----+--------+
         Total |    407 |    310 |     97 |      0 |    279 |   2 |  203.5 |
       Dungeon |    407 |    310 |     97 |      0 |    279 |   2 |  203.5 |
               +--------+--------+--------+--------+--------+-----+--------+

Top non-repeatable levels by time:
     D:1: 397 daAuts
     D:2: 9 daAuts
